Map: [ESL] Cosmic Sapphire

Players

LiquidElazer (Elazer)

  • Race: Zerg Zerg
  • Spawn Location: 11:00

Reynor - Winner!

  • Race: Zerg Zerg
  • Spawn Location: 5:00

Event: HomeStory Cup XXI

VOD

Have the link to the VOD?

Description

Time

  • Played on: July 23, 2022, 4:59 p.m.
  • Length: 10:47

All games in this series

Show
View Real Time Build Order
Export as new Build Order

LiquidElazer Zerg 

Build Orders: 1 Base Baneling Bust, Pool First 

Get SALT Encoding   

  12  0:00  Drone  
  13  0:09  Extractor  
  12  0:23  Spawning Pool  
  11  0:28  Drone  
  11  0:33  Drone  
  13  0:39  Drone  
  14  0:51  Overlord  
  14  1:09  Metabolic Boost  
  14  1:11  Zergling x2  
  15  1:12  Zergling x2  
  15  1:15  Zergling x2  
  17  1:22  Zergling x2  
  18  1:30  Baneling Nest  
  17  1:35  Zergling x2  
  18  1:45  Zergling x2  
  19  1:55  Zergling x2  
  20  2:06  Zergling x2  
  21  2:13  Baneling  
  21  2:14  Baneling  
  21  2:18  Zergling x2  
  22  2:29  Hatchery  
  21  2:36  Zergling x2  
  22  2:44  Baneling  
  21  2:45  Baneling  
  21  2:53  Drone  
  21  3:01  Overlord  
  19  3:16  Drone x2  
  19  3:19  Queen  
  21  3:21  Drone  
  22  3:32  Drone  
  23  3:41  Drone, Queen  
  25  3:42  Drone  
  27  3:53  Drone x2  
  29  4:03  Drone x2  
  31  4:14  Drone x2  
  33  4:25  Hatchery  
  33  4:26  Overlord  
  33  4:29  Drone x3  
  35  4:37  Drone  
  36  4:45  Overlord  
  36  4:48  Drone x5  
  36  4:51  Drone  
  42  4:58  Drone  
  42  5:02  Queen  
  44  5:11  Overlord  
  44  5:14  Drone x2  
  43  5:15  Drone  
  43  5:17  Zergling x2  
  45  5:23  Zergling x6  
  45  5:24  Evolution Chamber  
  45  5:25  Zergling x2  
  48  5:29  Zergling x2  
  48  5:32  Zergling x6  
  48  5:33  Lair  
  52  5:37  Queen  
  52  5:38  Zergling x4  
  52  5:41  Baneling x2  
  56  5:48  Zergling x2  
  56  5:49  Zergling x4  
  56  5:57  Zergling x8  
  56  6:02  Overlord, Zerg Melee Weapons Level 1  
  59  6:04  Zergling x10  
  59  6:10  Zergling x2  
  65  6:15  Zergling x2  
  61  6:20  Baneling x2  
  61  6:24  Overlord  
  61  6:25  Extractor  
  60  6:26  Extractor  
  60  6:32  Drone x5  
  51  6:41  Drone x7  
  58  6:47  Overlord  
  58  6:51  Zergling x2  
  58  6:52  Zergling x6  
  62  6:57  Zergling x2  
  62  7:01  Zergling x8  
  66  7:04  Queen x2  
  66  7:06  Zergling x4  
  71  7:11  Queen  
  71  7:12  Zergling x8  
  68  7:18  Spire  
  63  7:23  Zergling x6  
  66  7:31  Drone  
  66  7:32  Drone x3, Extractor  
  66  7:35  Drone  
  70  7:42  Drone x3, Baneling x3  
  72  7:52  Zergling x2  
  72  7:57  Baneling x11  
  73  7:59  Overlord x2  
  73  8:02  Spine Crawler  
  68  8:18  Zergling x18  
  72  8:29  Zergling x12  
  70  8:42  Mutalisk x2  
  70  8:47  Mutalisk x2  
  72  8:55  Mutalisk  
  73  8:59  Overlord x2  
  73  9:08  Mutalisk  
  72  9:16  Mutalisk  
  63  9:21  Drone x8  
  63  9:24  Drone x3  
  74  9:33  Mutalisk x2  
  74  9:36  Overlord  
  74  9:38  Extractor  
  77  9:40  Extractor  
  77  9:45  Mutalisk  
  78  9:47  Zergling x8  
  78  9:48  Overseer  
  82  9:54  Hatchery  
  82  9:55  Mutalisk  
  81  10:00  Drone x6  
  81  10:06  Mutalisk  
  87  10:08  Overlord  
  87  10:11  Mutalisk  
  91  10:15  Mutalisk  
  91  10:20  Zergling x10  
Show
View Real Time Build Order
Export as new Build Order

Reynor Zerg - Winner!

Build Orders: Hatch First 

Get SALT Encoding   

  12  0:00  Drone  
  13  0:11  Overlord  
  13  0:16  Drone  
  14  0:30  Drone x2  
  16  0:47  Hatchery  
  15  0:50  Drone  
  15  0:53  Drone  
  15  0:56  Drone  
  18  1:06  Extractor  
  17  1:12  Spawning Pool  
  17  1:15  Drone  
  17  1:18  Drone  
  18  1:27  Drone  
  19  1:38  Drone  
  20  1:48  Overlord  
  20  1:58  Queen  
  20  2:00  Zergling x4  
  20  2:01  Queen  
  24  2:06  Spine Crawler  
  25  2:11  Baneling Nest  
  25  2:14  Zergling x2  
  25  2:18  Zergling x2  
  26  2:23  Zergling x2  
  26  2:29  Overlord  
  27  2:39  Queen  
  27  2:43  Zergling x2  
  29  2:45  Drone  
  27  2:55  Baneling  
  27  2:56  Baneling x2  
  27  2:57  Drone  
  28  3:09  Drone x2  
  28  3:10  Baneling  
  29  3:14  Drone  
  24  3:20  Drone x2  
  26  3:41  Hatchery  
  25  3:42  Drone  
  26  3:49  Metabolic Boost  
  26  3:53  Drone  
  27  3:59  Drone  
  27  4:00  Drone  
  29  4:04  Drone  
  29  4:07  Drone  
  31  4:15  Evolution Chamber, Drone  
  31  4:18  Drone  
  32  4:28  Drone x2  
  32  4:29  Overlord  
  34  4:38  Drone x2  
  36  4:44  Drone  
  37  4:58  Zergling x4  
  38  5:00  Drone  
  38  5:01  Drone x2  
  38  5:03  Zerg Ground Armor Level 1  
  41  5:11  Zergling x4  
  41  5:16  Drone  
  42  5:22  Hatchery  
  42  5:23  Zergling x2  
  42  5:28  Zergling x2  
  42  5:31  Baneling x2  
  42  5:33  Overlord  
  42  5:34  Zergling x4  
  45  5:37  Drone  
  45  5:38  Drone  
  47  5:45  Zergling x4  
  47  5:46  Overlord  
  49  5:55  Drone x2  
  49  5:58  Queen  
  49  6:01  Baneling x2  
  49  6:02  Drone x4  
  49  6:03  Overlord  
  54  6:09  Extractor  
  52  6:12  Zergling x6  
  52  6:15  Zergling x2  
  54  6:21  Zergling x2  
  54  6:22  Roach Warren, Baneling x2  
  54  6:31  Baneling  
  54  6:32  Overlord  
  53  6:34  Zergling x10  
  53  6:39  Drone  
  59  6:40  Drone x3  
  59  6:43  Queen  
  59  6:44  Drone  
  59  6:46  Overlord  
  63  6:49  Drone  
  63  6:55  Overlord  
  63  6:56  Drone  
  64  7:02  Overlord, Lair  
  64  7:04  Drone x2  
  64  7:05  Drone  
  64  7:12  Overlord  
  63  7:16  Roach x2  
  63  7:18  Roach x2  
  69  7:26  Queen  
  69  7:28  Roach x3  
  75  7:32  Zergling x6  
  75  7:36  Baneling  
  78  7:37  Baneling x2  
  78  7:39  Roach, Zergling x2  
  78  7:42  Extractor, Queen  
  84  7:44  Roach  
  84  7:49  Baneling  
  84  7:51  Zergling x6  
  87  7:55  Baneling  
  87  8:00  Drone x6  
  87  8:01  Overlord  
  87  8:02  Drone  
  87  8:04  Drone  
  94  8:10  Overlord  
  94  8:12  Drone x3  
  93  8:17  Drone x2  
  93  8:19  Queen x2  
  96  8:22  Extractor  
  96  8:23  Drone x2  
  96  8:28  Overlord  
  96  8:29  Drone x2  
  96  8:31  Extractor  
  96  8:32  Extractor  
  90  8:35  Overlord, Hydralisk Den  
  90  8:36  Drone  
  88  8:44  Roach x5  
  96  8:49  Roach x3  
  96  8:52  Drone  
  95  8:56  Spore Crawler  
  95  8:58  Drone x2  
  95  9:00  Spore Crawler  
  95  9:02  Glial Reconstitution  
  95  9:04  Drone  
  98  9:16  Drone  
  99  9:18  Muscular Augments  
  99  9:21  Spore Crawler  
  99  9:23  Hydralisk x5  
  102  9:27  Hydralisk  
  104  9:33  Hydralisk x2  
  104  9:34  Queen  
  104  9:36  Hydralisk  
  112  9:38  Hydralisk  
  112  9:42  Hydralisk  
  112  9:43  Zergling x6  
  112  9:44  Hydralisk  
  121  9:47  Hydralisk  
  121  9:51  Overlord  
  121  9:52  Hydralisk  
  123  9:56  Hydralisk x2  
  123  9:59  Overlord  
  129  10:00  Roach x2  
  129  10:05  Baneling  
  129  10:06  Baneling x2  
  133  10:09  Baneling x3  
  133  10:11  Roach  
  137  10:16  Roach x3  
  137  10:18  Overlord  
  137  10:19  Roach  
  137  10:21  Hydralisk  
  145  10:24  Roach  
  145  10:27  Roach x2  
Tags
 
Add a new tag
Caveats
  • Supply blocks, unpowered buildings, or Contaminate may cause inaccurate times.
  • Supply counts are checked every 10 seconds.